 Dungeon Crawl Stone Soup version 0.23.2-33-g5129a83184 (webtiles) character file.

Game seed: 12358909128812405141

1815 Derp the Basher (level 8, -13/79 HPs)
             Began as a Troll Berserker on July 12, 2019.
             Was a High Priest of Trog.
             Mangled by an orc warrior
             ... wielding a +0 short sword
              (14 damage)
             ... on level 6 of the Dungeon.
             The game lasted 00:14:26 (3868 turns).

Derp the Basher (Troll Berserker)                   Turns: 3868, Time: 00:14:29

Health: -13/79     AC: 13    Str: 27    XL:     8   Next: 85%
Magic:  16/16      EV: 11    Int:  3    God:    Trog [*****.]
Gold:   339        SH:  0    Dex: 10    Spells: 7/7 levels left

rFire    + . .     SeeInvis .   t - +2 dire flail (protect)
rCold    x . .     Gourm    +   (shield currently unavailable)
rNeg     . . .     Faith    .   b - +0 animal skin
rPois    .         Spirit   .   (helmet restricted)
rElec    .         Reflect  .   (no cloak)
rCorr    .         Harm     .   (gloves unavailable)
MR       .....                  (boots unavailable)
Stlth    +.........             (no amulet)
HPRegen  0.63/turn              e - ring of fire
MPRegen  0.15/turn              d - ring of magical power

@: about to teleport, protection aura
A: large, unfitting armour, claws 3, fast metabolism 3, gourmand, regeneration
1, shaggy fur 1, tough skin 3
a: Berserk, Trog's Hand, Brothers in Arms, Renounce Religion


You were on level 6 of the Dungeon.
You worshipped Trog.
Trog was extremely pleased with you.
You were full.

You visited 1 branch of the dungeon, and saw 6 of its levels.

You collected 339 gold pieces.

Inventory:

Hand Weapons
 a - a +2 mace
 t - a +2 dire flail of protection (weapon)
Armour
 b - a +0 animal skin (worn)
Jewellery
 d - a ring of magical power (right claw)
 e - a ring of fire (left claw)
 r - a cursed ring of teleportation
Wands
 v - a wand of iceblast (11)
 x - a wand of digging (6)
Scrolls
 f - 7 scrolls of remove curse
 h - 2 scrolls of teleportation
 i - 2 scrolls of blinking
 m - a scroll of random uselessness
 q - a scroll of fog
 u - a scroll of amnesia
 w - 2 scrolls of identify
Potions
 g - a potion of flight
 j - a potion of ambrosia {unknown}
 k - a potion of heal wounds {unknown}
 l - 2 potions of invisibility
 n - a potion of berserk rage {unknown}
 o - a potion of curing {unknown}
 p - 2 potions of might
 s - a potion of haste {unknown}
Comestibles
 c - 6 rations


   Skills:
 + Level 4.7 Fighting
 + Level 8.2 Maces & Flails
 + Level 5.3 Dodging
 + Level 0.7 Stealth


You had 7 spell levels left.
You didn't know any spells.
Your spell library was empty.

Dungeon Overview and Level Annotations

Branches:
Dungeon (6/15)             Temple (0/1) D:6

Altars:
Makhleb


Innate Abilities, Weirdness & Mutations

You are too large for most types of armour.
You have claws for hands.
Your metabolism is lightning-fast.
You like to eat raw meat.
Your natural rate of healing is unusually fast.
You are covered in fur. (AC +1)
You have extremely tough skin. (AC +3)


Message History

* * * LOW HITPOINT WARNING * * *
You barely miss the hound. The hound barely misses you.
The orc wizard hits you with a +0 dagger.
* * * LOW HITPOINT WARNING * * *
The orc warrior hits you with a +0 short sword!
* * * LOW HITPOINT WARNING * * *
You thump the hound!
Your weapon exudes an aura of protection.
The hound is severely wounded.
The hound closely misses you.
The orc wizard hits you but does no damage.
The orc warrior barely misses you. The hound barely misses you.
Unknown command.
As you read the scroll of teleportation, it crumbles to dust.
You feel strangely unstable.
The orc wizard hits you with a +0 dagger.
* * * LOW HITPOINT WARNING * * *
The hound barely misses you.
The orc warrior hits you with a +0 short sword!
You die...

#..............)......##
##................#.....#
.........................
##.....!..............^..
#......†................
###....)#................
........oo.############..
.......oo##...# ..
####...h@# ..... ..
#....## ..... #...##
###.. #.## ## ... ..#. ..


You could see an orc warrior, a hound, an orc wizard and 2 orcs.

Vanquished Creatures
  Pikel (D:4)
  Grinder (D:4)
  Edmund (D:4)
  A crocodile (D:5)
  Blork the orc (D:4)
  A bullfrog (D:6)
  A water moccasin zombie (D:5)
  A scorpion (D:5)
  A crimson imp (D:5)
  2 hounds
  A jelly (D:5)
  4 orc priests
  2 orc wizards (D:5)
  A bullfrog skeleton (D:5)
  An iguana (D:5)
  Natasha (thrice) (D:2)
  3 worker ants
  A killer bee zombie (D:5)
  3 hound skeletons
  Robin (D:4)
  A howler monkey skeleton (D:5)
  A gnoll (D:1)
  3 adders
  A shadow imp (D:5)
  An ooze (D:3)
  An adder zombie (D:5)
  8 worms
  4 dart slugs
  4 leopard geckos
  19 orcs
  4 giant cockroaches
  13 hobgoblins
  9 jackals
  10 kobolds
  A quokka (D:6)
  2 ball pythons
  6 bats
  5 frilled lizards
  14 goblins
  3 quokka zombies
  13 rats
154 creatures vanquished.

Vanquished Creatures (others)
  An adder skeleton (D:4)
  2 orcs (D:4)
3 creatures vanquished.

Grand Total: 157 creatures vanquished

Notes
Turn   | Place    | Note
-------+----------+-------------------------------------------
     0 | D:1      | Derp the Troll Berserker began the quest for the Orb.
     0 | D:1      | Reached XP level 1. HP: 22/22 MP: 0/0
    64 | D:1      | Reached XP level 2. HP: 29/29 MP: 1/1
    71 | D:1      | Reached skill level 3 in Maces & Flails
   128 | D:1      | Reached XP level 3. HP: 30/36 MP: 2/2
   232 | D:1      | Reached ** piety under Trog
   908 | D:2      | Reached XP level 4. HP: 26/44 MP: 3/3
  1012 | D:2      | Noticed Natasha
  1065 | D:2      | Killed Natasha
  1195 | D:2      | Noticed Natasha
  1200 | D:2      | Killed Natasha
  1200 | D:2      | Reached skill level 4 in Maces & Flails
  1200 | D:2      | Noticed Natasha
  1213 | D:2      | Killed Natasha
  1213 | D:2      | Reached XP level 5. HP: 36/53 MP: 4/4
  1531 | D:3      | Reached *** piety under Trog
  2051 | D:3      | Found a burning altar of Makhleb.
  2127 | D:4      | Noticed Edmund
  2192 | D:4      | Killed Edmund
  2192 | D:4      | Reached skill level 5 in Maces & Flails
  2192 | D:4      | Reached XP level 6. HP: 14/61 MP: 5/5
  2338 | D:4      | Found a burning altar of Makhleb.
  2373 | D:4      | Noticed Pikel
  2374 | D:4      | Noticed Robin
  2377 | D:4      | Reached **** piety under Trog
  2377 | D:4      | Noticed a slave
  2390 | D:4      | Noticed Grinder
  2392 | D:4      | Killed Robin
  2402 | D:4      | Killed Pikel
  2402 | D:4      | Reached skill level 6 in Maces & Flails
  2402 | D:4      | Reached XP level 7. HP: 55/68 MP: 6/6
  2419 | D:4      | Paralysed by Grinder for 6 turns
  2430 | D:4      | Killed Grinder
  2430 | D:4      | Reached XP level 8. HP: 49/78 MP: 7/7
  2518 | D:4      | Noticed Blork the orc
  2532 | D:4      | Killed Blork the orc
  2532 | D:4      | Reached skill level 7 in Maces & Flails
  2672 | D:4      | Reached skill level 5 in Dodging
  2703 | D:5      | Entered Level 5 of the Dungeon
  3082 | D:5      | Reached ***** piety under Trog
  3462 | D:5      | Reached skill level 8 in Maces & Flails
  3776 | D:6      | Found a staircase to the Ecumenical Temple.
  3866 | D:6      | HP: 1/79 [orc warrior/+0 short sword (13)]
  3868 | D:6      | Mangled by an orc warrior

Skill      XL: |  1  2  3  4  5  6  7  8 |
---------------+-------------------------+-----
Maces & Flails | 3 4 5 6 8 |  8.2
Dodging        | 3 4 5 |  5.3
Fighting       | 3 4 |  4.7
Stealth        | |  0.7

Action                   |  1- 3 |  4- 6 |  7- 9 || total
-------------------------+-------+-------+-------++-------
Melee: Mace              |   146 |   186 |       ||   332
       Dire flail        |       |    38 |   222 ||   260
  Use: Scroll            |       |     9 |     5 ||    14
       Potion            |       |       |     1 ||     1
  Eat: Chunk             |     5 |     8 |    15 ||    28
       Ration            |     1 |     2 |       ||     3
Armor: Animal skin       |    86 |    91 |    73 ||   250
Dodge: Dodged            |   123 |   139 |   125 ||   387
